 Dungeon Crawl Stone Soup version 0.28.0-43-g3370ac3207 (webtiles) character file.

Game seed: 5388452354315951648

1883 croobank the Magician (level 9, -7/63 (65) HPs)
             Began as a Gnoll Fire Elementalist on Mar 18, 2022.
             Was an Initiate of Vehumet.
             Mangled by Duvessa
             ... wielding a +0 short sword
              (14 damage)
             ... on level 6 of the Dungeon.
             The game lasted 00:22:01 (6076 turns).

croobank the Magician (Gnoll Fire Elementalist)     Turns: 6076, Time: 00:22:05

HP:   -7/63 (65)    AC:  8    Str:  9    XL:     9   Next: 14%
MP:   6/18          EV: 13    Int: 19    God:    Vehumet [......]
Gold: 104           SH:  0    Dex: 13    Spells: 13/20 levels left

rFire   + . .      SeeInvis +   a - +6 mace of Midwinter {protect, rF+ Int+2}
rCold   . . .      Faith    .   (no shield)
rNeg    . . .      Spirit   .   B - +0 acid dragon scales
rPois   .          Reflect  .   F - +0 hat
rElec   .          Harm     .   l - +0 cloak
rCorr   +          Rampage  .   (no gloves)
Will    .....                   (no boots)
Stlth   +++.......              p - amulet of the acrobat
HPRegen 1.00/turn               u - ring of see invisible
MPRegen 0.16/turn               (no ring)

@: lightly drained
A: fangs 1, strong nose, distributed training, dopey 1, regeneration 1, strong
1, subdued magic 1
a: Renounce Religion


You were on level 6 of the Dungeon.
You worshipped Vehumet.
Vehumet was noncommittal.
You visited 2 branches of the dungeon, and saw 7 of its levels.

You collected 164 gold pieces.
You spent 60 gold pieces at shops.

Inventory:

Hand Weapons
 a - the +6 mace of Midwinter (weapon) {protect, rF+ Int+2}
   (You found it on level 4 of the Dungeon)

   It grants its wielder temporary protection when it strikes (+7 to AC).
   Int:       It affects your intelligence (+2).
   rF:        It protects you from fire.
 b - a +0 hunting sling
 d - a +1 whip of electrocution
 e - a +3 flail of protection
 k - a +3 quarterstaff of chaos
 r - the +7 trident of True Grit {antimagic, rC+ Will- rCorr Str+4}
   (You found it on level 3 of the Dungeon)

   It reduces the magical energy of the wielder, and disrupts the spells and
   magical abilities of those it strikes.
   Natural abilities and divine invocations are not affected.
   Str:       It affects your strength (+4).
   rC:        It protects you from cold.
   rCorr:     It protects you from acid and corrosion.
   Will:      It decreases your willpower.
 y - a +2 dagger of pain
 C - a +2 trident of venom
Missiles
 g - 139 arrows
 m - 6 boomerangs (quivered)
 o - 123 stones
 D - 12 sling bullets
 E - 7 poisoned darts
Armour
 j - a +0 leather armour
 l - a +0 cloak (worn)
 w - the +1 scale mail "Zasegu" {-Tele Harm Drain Will+++}
   (You found it on level 5 of the Dungeon)

   -Tele:     It prevents most forms of teleportation.
   Drain:     It drains your maximum health when unequipped.
   Harm:      It increases damage dealt and taken.
   Will:      It greatly increases your willpower.
 x - a +0 robe
 B - +0 acid dragon scales (worn)
 F - a +0 hat (worn)
Jewellery
 p - an amulet of the acrobat (around neck)
 u - a ring of see invisible (left hand)
Wands
 h - a wand of flame (19)
Scrolls
 c - a scroll of magic mapping
 i - a scroll of amnesia
 n - a scroll of enchant armour {unknown}
 t - a scroll of torment {unknown}
 A - a scroll of immolation
Potions
 s - 3 potions of brilliance
 v - a potion of mutation
 z - 2 potions of curing


   Skills:
 + Level 3.9 Fighting
 + Level 3.9 Short Blades
 + Level 3.9 Long Blades
 + Level 3.9 Axes
 + Level 3.9 Maces & Flails
 + Level 3.9 Polearms
 + Level 3.9 Staves
 + Level 3.9 Slings
 + Level 3.9 Bows
 + Level 3.9 Crossbows
 + Level 3.9 Throwing
 + Level 3.9 Armour
 + Level 6.1 Dodging
 + Level 5.8 Stealth
 + Level 3.9 Shields
 + Level 3.9 Unarmed Combat
 + Level 6.4 Spellcasting
 + Level 3.9 Conjurations
 + Level 3.2 Hexes
 + Level 3.2 Summonings
 + Level 3.2 Necromancy
 + Level 3.2 Translocations
 + Level 3.2 Transmutations
 + Level 6.4 Fire Magic
 + Level 3.2 Ice Magic
 + Level 3.2 Air Magic
 + Level 3.2 Earth Magic
 + Level 3.2 Poison Magic
 + Level 4.3 Invocations
 + Level 3.9 Evocations


You had 13 spell levels left.
You knew the following spells:

 Your Spells              Type           Power      Damage    Failure   Level
a - Foxfire               Conj/Fire      76%        2x1d7     1%          1
b - Scorch                Fire           46%        2d7       1%          2
c - Flame Wave            Conj/Fire      19%        2d6       17%         4

Your spell library contained the following spells:

 Spells                   Type           Power      Damage    Failure   Level
 Sandblast                Erth           28%        2d8       3%          1
 Conjure Flame            Conj/Fire      19%        6-21      4%          3
 Passwall                 Tmut/Erth      11%        N/A       5%          2
 Inner Flame              Hex/Fire       18%        N/A       5%          3
 Stone Arrow              Conj/Erth      30%        3d8       10%         3


Dungeon Overview and Level Annotations

Branches:
Dungeon (6/15)             Temple (1/1) D:6

Altars:
Ashenzari
Gozag
Makhleb
Nemelex Xobeh
Qazlal
Sif Muna
Trog
Vehumet
Yredelemnul
Zin

Shops:
D:3 !

Annotations:
D:6 Duvessa


Innate Abilities, Weirdness & Mutations

You have very sharp teeth.
Your uncanny sense of smell can sniff out nearby items.
Your experience applies equally to all skills.
You are dopey. (Int -2)
Your natural rate of healing is unusually fast.
Your muscles are strong. (Str +2)
Your spells are a little easier to cast, but a little less powerful.


Message History

Duvessa is no longer more vulnerable to fire.
Duvessa misses you.
Duvessa rages.
Duvessa barely misses you.
Casting: Scorch (safe; 1% risk of failure)
Confirm with . or Enter, or press ? or * to list all spells.
You conjure some foxfire!
Duvessa hits you with a +0 short sword.
Casting: Foxfire (safe; 1% risk of failure)
Confirm with . or Enter, or press ? or * to list all spells.
Flames lash Duvessa.
Duvessa resists.
Duvessa is heavily wounded.
Duvessa's fire resistance burns away.
The foxfire hits Duvessa.
Duvessa is heavily wounded.
The foxfire hits Duvessa but does no damage.
Duvessa is heavily wounded.
Duvessa hits you with a +0 short sword!
* * * LOW HITPOINT WARNING * * *
Duvessa hits you but does no damage.
Casting: Scorch (safe; 1% risk of failure)
Confirm with . or Enter, or press ? or * to list all spells.
Flames lash Duvessa.
Duvessa is heavily wounded.
Duvessa closely misses you.
Casting: Scorch (safe; 1% risk of failure)
Confirm with . or Enter, or press ? or * to list all spells.
Flames lash Duvessa but do no damage.
Duvessa closely misses you. Duvessa barely misses you.
Casting: Scorch (safe; 1% risk of failure)
Confirm with . or Enter, or press ? or * to list all spells.
Flames lash Duvessa.
Duvessa is heavily wounded.
Duvessa barely misses you.
Casting: Scorch (safe; 1% risk of failure)
Confirm with . or Enter, or press ? or * to list all spells.
Flames lash Duvessa.
Duvessa is severely wounded.
Duvessa hits you with a +0 short sword!
* * * LOW HITPOINT WARNING * * *
Duvessa hits you with a +0 short sword!
You die...

### ### #.# #.#
#########.# #.# ##
..........##########.#
#.
......)..............#
#.
#########e.###.#####.#
#. #@.# #.#####.####.
#..# #............
..................
....###.#####.###..
...... ... #.###..
........... ........
#.####### #....... #.
#..###.. #..# #..


You could see Duvessa (berserk, combustible).

Vanquished Creatures
  Pikel (D:4)
  Sigmund (D:3)
  Eustachio (D:4)
  Edmund (D:5)
  An acid dragon (D:5)
  An ice beast (D:5)
  An ogre (D:4)
  A phantom (D:5)
  2 lemures (D:4)
  A kobold brigand (D:5)
  2 scorpions (D:5)
  Dowan (D:6)
  A howler monkey (D:5)
  2 hounds (D:4)
  A bullfrog zombie (D:6)
  An orc priest (D:5)
  Crazy Yiuf (D:2)
  A gnoll shaman (D:5)
  Ijyb (D:3)
  An orc wizard (D:5)
  2 adders
  4 gnolls (D:5)
  2 ufetubi
  4 worms
  A dart slug (D:2)
  4 orcs
  12 endoplasms
  2 giant cockroaches (D:1)
  10 goblins
  6 hobgoblins
  4 jackals (D:1)
  9 kobolds
  A quokka (D:3)
  9 ball pythons
  4 bats
  4 frilled lizards
  7 rats
108 creatures vanquished.

Vanquished Creatures (others)
  156 foxfires
  A plant (D:1)
157 creatures vanquished.

Grand Total: 265 creatures vanquished

Notes
Turn   | Place    | Note
-------+----------+-------------------------------------------
     0 | D:1      | croobank the Gnoll Fire Elementalist began the quest for
                  | the Orb.
     0 | D:1      | Reached XP level 1. HP: 13/13 MP: 6/6
   178 | D:1      | Reached XP level 2. HP: 19/19 MP: 5/7
   181 | D:1      | Learned a level 2 spell: Scorch
   634 | D:1      | Reached XP level 3. HP: 18/25 MP: 3/9
   636 | D:1      | Reached skill level 5 in Spellcasting
   762 | D:1      | Found a faded altar of an unknown god.
  1008 | D:2      | Reached skill level 1 in Invocations
  1310 | D:2      | Reached skill level 1 in Fighting
  1310 | D:2      | Reached skill level 1 in Short Blades
  1310 | D:2      | Reached skill level 1 in Long Blades
  1310 | D:2      | Reached skill level 1 in Axes
  1310 | D:2      | Reached skill level 1 in Maces & Flails
  1310 | D:2      | Reached skill level 1 in Polearms
  1310 | D:2      | Reached skill level 1 in Staves
  1310 | D:2      | Reached skill level 1 in Slings
  1310 | D:2      | Reached skill level 1 in Bows
  1310 | D:2      | Reached skill level 1 in Crossbows
  1310 | D:2      | Reached skill level 1 in Throwing
  1310 | D:2      | Reached skill level 1 in Armour
  1310 | D:2      | Reached skill level 1 in Shields
  1310 | D:2      | Reached skill level 1 in Unarmed Combat
  1310 | D:2      | Reached skill level 1 in Evocations
  1394 | D:2      | Found a runed translucent door.
  1396 | D:2      | Noticed Crazy Yiuf
  1660 | D:2      | Reached XP level 4. HP: 32/32 MP: 6/11
  1722 | D:2      | Learned a level 4 spell: Flame Wave
  1879 | D:2      | Gained mutation: Your natural rate of healing is unusually
                  | fast. [potion of mutation]
  1879 | D:2      | Gained mutation: Your spells are a little easier to cast,
                  | but a little less powerful. [potion of mutation]
  1879 | D:2      | Gained mutation: You are dopey. (Int -2) [potion of
                  | mutation]
  1879 | D:2      | Gained mutation: Your muscles are strong. (Str +2) [potion
                  | of mutation]
  1884 | D:2      | Killed Crazy Yiuf
  1885 | D:2      | Reached skill level 1 in Hexes
  1885 | D:2      | Reached skill level 1 in Summonings
  1885 | D:2      | Reached skill level 1 in Necromancy
  1885 | D:2      | Reached skill level 1 in Translocations
  1885 | D:2      | Reached skill level 1 in Transmutations
  1885 | D:2      | Reached skill level 1 in Ice Magic
  1885 | D:2      | Reached skill level 1 in Air Magic
  1885 | D:2      | Reached skill level 1 in Earth Magic
  1885 | D:2      | Reached skill level 1 in Poison Magic
  2265 | D:3      | Noticed Ijyb
  2279 | D:3      | Killed Ijyb
  2280 | D:3      | Reached XP level 5. HP: 19/37 MP: 12/12
  2357 | D:3      | Noticed Sigmund
  2373 | D:3      | Killed Sigmund
  2374 | D:3      | Reached skill level 5 in Dodging
  2374 | D:3      | Reached XP level 6. HP: 33/44 MP: 9/14
  2513 | D:3      | Found a stormy altar of Qazlal.
  2523 | D:3      | Found a shimmering blue altar of Sif Muna.
  2526 | D:3      | Found a burning altar of Makhleb.
  2529 | D:3      | Found a glowing silver altar of Zin.
  2569 | D:3      | Found Woasoimo's Distillery.
  2578 | D:3      | Bought a potion of heal wounds for 60 gold pieces
  2615 | D:3      | Identified the +7 trident of True Grit {antimagic, rC+
                  | Will- rCorr Str+4}
  2986 | D:3      | Found an opulent altar of Gozag.
  2986 | D:3      | Found a bloodstained altar of Trog.
  3129 | D:4      | Identified the +6 mace of Midwinter {protect, rF+ Int+2}
  3311 | D:4      | Noticed Pikel
  3835 | D:4      | Found a broken altar of Ashenzari.
  3875 | D:4      | Killed Pikel
  3876 | D:4      | Reached skill level 5 in Stealth
  3876 | D:4      | Reached XP level 7. HP: 51/51 MP: 10/15
  3876 | D:4      | Reached XP level 8. HP: 57/57 MP: 10/16
  4529 | D:5      | Entered Level 5 of the Dungeon
  4534 | D:5      | Noticed Eustachio
  4535 | D:5      | Identified the +1 scale mail "Zasegu" {-Tele Harm Drain
                  | Will+++}
  4859 | D:5      | Noticed Edmund
  4869 | D:5      | Killed Edmund
  5070 | D:4      | Killed Eustachio
  5366 | D:5      | Reached XP level 9. HP: 50/65 MP: 3/18
  5965 | D:6      | Found a staircase to the Ecumenical Temple.
  5973 | Temple   | Entered the Ecumenical Temple
  5985 | Temple   | Became a worshipper of Vehumet
  6048 | D:6      | Noticed Dowan
  6051 | D:6      | Noticed Duvessa
  6056 | D:6      | Killed Dowan
  6076 | D:6      | Mangled by Duvessa

Illustrated notes

Levels and vault maps discovered:
D:1:      wander_arrival_desolate, layout_basic, ebering_ecumenical_altar_rust,
          serial_forest, infiniplex_forest_lined_room_2,
          infiniplex_forest_lined_room_2, infiniplex_forest_clump_C,
          infiniplex_forest_clump_small, infiniplex_forest_corner_2,
          infiniplex_forest_zigzag_2, lemuel_another_geyser
D:2:      layout_basic, uniq_crazy_yiuf_cottage
D:3:      layout_loops_corners, grunt_temple_overflow_cloverleaf,
          nicolae_overflow_hidden_temple, serial_shops, shop,
          kennysheep_generic_room_14, uniq_ijyb, uniq_sigmund
D:4:      layout_layer_cave, old_standard_altar, uniq_pikel
D:5:      layout_layer_cave, uniq_edmund, uniq_eustachio
D:6:      layout_basic, mainiacjoe_overflow_chevrons, minmay_temple_entry_trees,
          uniq_duvessa
Temple:   jpeg_temple_clearing

Skill      XL: |  1  2  3  4  5  6  7  8 |
---------------+-------------------------+-----
Conjurations   | 2 3 |  3.9
Spellcasting   | 5 6 |  6.4
Invocations    | 1 2 3 4 |  4.3
Fighting       | 1 2 3 |  3.9
Short Blades   | 1 2 3 |  3.9
Long Blades    | 1 2 3 |  3.9
Axes           | 1 2 3 |  3.9
Maces & Flails | 1 2 3 |  3.9
Polearms       | 1 2 3 |  3.9
Staves         | 1 2 3 |  3.9
Slings         | 1 2 3 |  3.9
Bows           | 1 2 3 |  3.9
Crossbows      | 1 2 3 |  3.9
Throwing       | 1 2 3 |  3.9
Armour         | 1 2 3 |  3.9
Shields        | 1 2 3 |  3.9
Unarmed Combat | 1 2 3 |  3.9
Evocations     | 1 2 3 |  3.9
Hexes          | 1 2 3 |  3.2
Summonings     | 1 2 3 |  3.2
Necromancy     | 1 2 3 |  3.2
Translocations | 1 2 3 |  3.2
Transmutations | 1 2 3 |  3.2
Ice Magic      | 1 2 3 |  3.2
Air Magic      | 1 2 3 |  3.2
Earth Magic    | 1 2 3 |  3.2
Poison Magic   | 1 2 3 |  3.2
Dodging        | 5 6 |  6.1
Stealth        | 5 |  5.8
Fire Magic     | 6 |  6.4

Action                   |  1- 3 |  4- 6 |  7- 9 || total
-------------------------+-------+-------+-------++-------
Melee: Unarmed           |     9 |       |       ||     9
       Spear             |    17 |       |       ||    17
       Bite              |     1 |     2 |     6 ||     9
       Quarterstaff      |       |    27 |       ||    27
       Mace              |       |     8 |    44 ||    52
       Punch             |       |       |     1 ||     1
Throw: Boomerang         |       |     2 |       ||     2
 Cast: Foxfire           |    40 |    22 |    26 ||    88
       Scorch            |    13 |    16 |    39 ||    68
       Flame Wave        |       |       |     1 ||     1
  Use: Scroll            |     3 |     7 |     1 ||    11
       Potion            |       |     3 |     1 ||     4
 Stab: Sleeping          |       |     5 |     1 ||     6
Armor: Robe              |    10 |    12 |     7 ||    29
       Acid dragon scale |       |       |     3 ||     3
Dodge: Dodged            |    50 |    38 |    62 ||   150
